 Dungeon Crawl Stone Soup version 0.29.1 (webtiles) character file.

Game seed: 15567911418886332976

42 nshep25 the Digger (level 4, -2/26 (33) HPs)
             Began as a Meteoran Earth Elementalist on Sept 12, 2022.
             Slain by Sigmund
             ... wielding a +0 scythe
              (9 damage)
             ... on level 2 of the Dungeon.
             The game lasted 00:08:15 (851 turns).

nshep25 the Digger (Meteoran Earth Elementalist)     Turns: 851, Time: 00:08:15

HP:   -2/26 (33)    AC:  3    Str:  9    XL:     4   Next: 5%
MP:   9/10          EV: 12    Int: 19    God:
Gold: 59            SH:  0    Dex: 14    Spells: 3/9 levels left

rFire   . . .      SeeInvis .   g - +0 dagger
rCold   . . .      Faith    .   (no shield)
rNeg    . . .      Spirit   .   i - +0 robe
rPois   .          Reflect  .   (no helmet)
rElec   .          Harm     .   (no cloak)
rCorr   +          Rampage  .   (no gloves)
Will    .....                   l - +0 pair of boots
Stlth   +.........              (no amulet)
HPRegen 0.08/turn               m - ring of resist corrosion
MPRegen 0.12/turn               (no ring)

@: confused, glowing, heavily drained
A: sense surroundings 1, otherworldly, glowing, explore regen
a: no special abilities


You were on level 2 of the Dungeon.
You visited 1 branch of the dungeon, and saw 2 of its levels.

You collected 59 gold pieces.

Inventory:

Hand Weapons
 g - a +0 dagger (weapon)
Missiles
 d - 2 boomerangs
 k - 2 poisoned darts
 n - 13 stones
Armour
 a - a +0 robe
 i - a +0 robe (worn)
 l - a +0 pair of boots (worn)
Jewellery
 m - a ring of resist corrosion (left hand)
Wands
 j - a wand of mindburst (17)
Scrolls
 e - 2 scrolls of teleportation {unknown}
 f - a scroll of butterflies {unknown}
 h - a scroll of vulnerability {unknown}
 o - a scroll of amnesia {unknown}
 p - a scroll of noise {unknown}
Potions
 b - a potion of magic
 c - a potion of brilliance {unknown}
 q - a potion of cancellation {unknown}


   Skills:
 + Level 0.1 Short Blades
 + Level 2.6 Dodging
 + Level 1.5 Stealth
 + Level 3.3 Spellcasting
 + Level 1.2 Transmutations
 + Level 4.7 Earth Magic


You had 3 spell levels left.
You knew the following spells:

 Your Spells              Type           Power      Damage    Failure   Level
a - Sandblast             Erth           42%        2d11      2%          1
b - Stone Arrow           Conj/Erth      24%        3d8       17%         3
c - Passwall              Tmut/Erth      11%        N/A       7%          2

Your spell library contained the following spells:

 Spells                   Type           Power      Damage    Failure   Level
 Petrify                  Tmut/Erth      14%        N/A       41%         4


Dungeon Overview and Level Annotations

Branches:
Dungeon (2/15) Zot: 525

Altars:

Annotations:
D:2 Sigmund


Innate Abilities, Weirdness & Mutations

You passively map a small area around you.
You are easily found by Zot.
You glow in the dark.
You regain HP and MP as you explore.


Message History

Aim: Sigmund, wielding a +0 scythe and wearing a +0 robe (81% to hit)
The blast of sand hits Sigmund!
Sigmund is heavily wounded.
Sigmund closely misses you.
Casting: Sandblast (safe; 2% risk of failure)
Confirm with . or Enter, or press ? or * to list all spells.
Aiming: Sandblast (safe; 2% risk of failure)
Press: ? - help, Shift-Dir - straight line, f/p - Sigmund
Aim: Sigmund, wielding a +0 scythe and wearing a +0 robe (heavily wounded, 81% to hit)
The blast of sand hits Sigmund!
Sigmund is severely wounded.
Sigmund mumbles some strange words.
Sigmund flickers and vanishes!
Deactivating autopickup; reactivate with Ctrl-A.
You see here 10 gold pieces.
You now have 59 gold pieces (gained 10).
You hear some strange, mumbled words.
A puff of flame appears from out of thin air!
The puff of flame hits you.
There is a strange disturbance nearby!
Something hits you.
You closely miss something. Something completely misses you.
You miss something. You hit something. Something barely misses you.
You miss something.
You hear some strange, mumbled words.
A magic dart appears from out of thin air!
The magic dart hits you.
You hit something.
You hear some strange, mumbled words.
A puff of flame appears from out of thin air!
The puff of flame hits you.
You hit something. Something hits you.
* * * LOW HITPOINT WARNING * * *
You closely miss something. You hit something but do no damage.
You hear some strange, mumbled words.
You are confused.
You bump into the rock wall.
Something hits you!
You die...

*###################
,.........[........
#.##.##..###.#####
#.##.##..###.# *
#{...........#
#@.#.##..###.#
#..#.##..# #.#
*,#........# #.#
.........# #.#####
##......... #......
#$.#.#.###........
#..#.#.# .#######
#..... # # #.## ##*


There were no monsters in sight!

Vanquished Creatures
  A dart slug (D:1)
  3 bats
  4 endoplasms (D:1)
  8 goblins
  5 hobgoblins
  3 jackals (D:2)
  3 ball pythons (D:1)
  3 frilled lizards
  3 kobolds
  3 rats
36 creatures vanquished.

Notes
Turn   | Place    | Note
-------+----------+-------------------------------------------
     0 | D:1      | nshep25 the Meteoran Earth Elementalist began the quest for
                  | the Orb.
     0 | D:1      | Reached XP level 1. HP: 14/14 MP: 5/5
   100 | D:1      | Reached XP level 2. HP: 14/20 MP: 2/6
   120 | D:1      | Reached skill level 4 in Earth Magic
   390 | D:1      | Reached XP level 3. HP: 26/26 MP: 6/8
   487 | D:1      | Glimpsed the power of Zot.
   537 | D:1      | Glimpsed the power of Zot.
   575 | D:1      | Glimpsed the power of Zot.
   585 | D:1      | Touched by the power of Zot.
   683 | D:2      | Learned a level 3 spell: Stone Arrow
   686 | D:2      | Learned a level 2 spell: Passwall
   801 | D:2      | Reached XP level 4. HP: 20/26 MP: 8/10
   836 | D:2      | Noticed Sigmund
   851 | D:2      | Slain by Sigmund

Illustrated notes

Levels and vault maps discovered:
D:1:      kilobyte_arrival_exit_the_forest, layout_loops_corners
D:2:      kennysheep_the_goblin_king, layout_loops_ring,
          hellmonk_ecumenical_altar_slurped_away, nrook_mini_backslash,
          uniq_sigmund

Skill      XL: |  1  2  3 |
---------------+----------+-----
Earth Magic    | 4 |  4.7
Spellcasting   | 3 |  3.3
Short Blades   | |  0.1
Dodging        | |  2.6
Stealth        | |  1.5
Transmutations | |  1.2

Action                   |  1- 3 |  4- 6 || total
-------------------------+-------+-------++-------
Melee: Unarmed           |     1 |       ||     1
       Dagger            |     8 |    15 ||    23
 Cast: Sandblast         |    43 |     3 ||    46
Armor: Robe              |     4 |     1 ||     5
Dodge: Dodged            |    12 |     9 ||    21
